 Dungeon Crawl Stone Soup version 0.27.1-34-g3ba077fa99 (webtiles) character file.

Game seed: 10235755949940773479

282 AverageBear the Chopper (level 6, 11/55 HPs)
             Began as a Deep Dwarf Fighter on Jan 13, 2022.
             Quit the game on level 6 of the Dungeon.
             The game lasted 00:01:41 (1278 turns).

AverageBear the Chopper (Deep Dwarf Fighter)        Turns: 1278, Time: 00:01:42

Health: 11/55      AC: 10    Str: 20    XL:     6   Next: 6%
Magic:  6/6        EV:  5    Int: 10    God:
Gold:   91         SH:  9    Dex: 12    Spells: 5/5 levels left

rFire    . . .     SeeInvis .   j - +1 short sword (vamp)
rCold    . . .     Faith    +   c - +0 kite shield
rNeg     . . .     Spirit   .   g - +0 chain mail
rPois    .         Reflect  .   k - +0 helmet
rElec    .         Harm     .   (no cloak)
rCorr    .         Rampage  .   (no gloves)
Will     .....                  (no boots)
Stlth    ..........             m - amulet of faith
HPRegen  0.00/turn              (no ring)
MPRegen  0.10/turn              (no ring)

@: no status effects
A: damage resistance, heal wounds, sense surroundings 1, no regeneration
a: Heal Wounds


You were on level 6 of the Dungeon.
You visited 1 branch of the dungeon, and saw 4 of its levels.

You collected 91 gold pieces.

Inventory:

Hand Weapons
 a - a +0 war axe
 j - a +1 vampiric short sword (weapon)
Armour
 b - a +0 scale mail
 c - a +0 kite shield (worn)
 g - a +0 chain mail (worn)
 k - a +0 helmet (worn)
Jewellery
 m - an amulet of faith (around neck)
Scrolls
 f - a scroll of magic mapping {unknown}
 h - a scroll of teleportation {unknown}
 i - a scroll of acquirement {unknown}
Potions
 d - a potion of might
 e - a potion of attraction {unknown}
 l - a potion of heal wounds {unknown}


   Skills:
 - Level 2.6 Fighting
 + Level 7.1 Axes
 - Level 3.2 Armour
 - Level 3.2 Shields


You had 5 spell levels left.
You didn't know any spells.
Your spell library was empty.

Dungeon Overview and Level Annotations

Branches:
Dungeon (3/15)

Altars:
Sif Muna
Yredelemnul


Innate Abilities, Weirdness & Mutations

You are resistant to damage.
You can heal yourself by infusing magical energy.
You passively map a small area around you.
You do not regenerate.


Message History

You block the hound's attack.
You slash the hound!
You kill the hound!
The kobold hits you with a +0 club.
Your Axes skill increases to level 7!
You have reached level 6!
Your experience leads to an increase in your attributes!
Increase (s)trength, (i)ntelligence, or (d)exterity?
You feel clever.
You feel a sense of dread.
j - a +1 vampiric short sword (weapon)
Your chain mail prevents you from hitting the kobold.
The kobold hits you but does no damage. The kobold hits you with a +0 club.
You hit the kobold.
You kill the kobold!
You block the kobold's attack.
You closely miss the kobold. The kobold hits you but does no damage.
You completely miss the kobold.
The kobold hits you but does no damage. x2
You closely miss the kobold. The kobold hits you but does no damage.
You closely miss the kobold. The kobold hits you with a +0 club.
* * * LOW HITPOINT WARNING * * *
You barely miss the kobold. You block the kobold's attack. x2
You barely miss the kobold. The kobold barely misses you.
You barely miss the kobold. The kobold hits you with a +0 club.
You barely miss the kobold. The kobold hits you with a +0 club.
You hit the kobold.
You feel better.
You kill the kobold!
Items here: (( )))))) ††††††.
e - a pink potion
Items here: (( )))))) ††††††.
Items here: (( )))))) ††††††.
Key pressed, stopping explore.
Found a stone staircase leading down.
Found a scroll labelled SIEREL BIANINGAV.
Found a basalt altar of Yredelemnul.
An ogre comes into view. It is wielding a +0 giant club.
The ogre shouts!
A steam dragon comes into view.
Okay, then.
Are you sure you want to abandon this character and quit the game? (Confirm with "yes".)

, , , #...... ,
#.....# , #.....#
*#* . ####.....* .#
, #.#.......# ##.##
,#.#......O##.._..*
,#............#.#.#
#.........@?D...#
#...............# *
##..............#
**#..............#
, ##.#.##........#
,, #...##........#
, ##..##........#
#..##........# , *
#..# .......


You could see a steam dragon and an ogre.

Vanquished Creatures
  An ogre (D:6)
  A kobold brigand (D:6)
  A hound (D:6)
  Robin (D:2)
  3 adders
  An adder skeleton (D:2)
  A worm (D:2)
  2 dart slugs
  3 orcs (D:2)
  5 ball pythons
  4 endoplasms (D:1)
  A giant cockroach (D:2)
  10 goblins
  6 hobgoblins
  2 jackals (D:2)
  3 quokkas
  A bat (D:1)
  3 frilled lizards (D:1)
  5 kobolds (D:6)
  3 rats (D:2)
57 creatures vanquished.

Notes
Turn   | Place    | Note
-------+----------+-------------------------------------------
     0 | D:1      | AverageBear the Deep Dwarf Fighter began the quest for the
                  | Orb.
     0 | D:1      | Reached XP level 1. HP: 20/20 MP: 1/1
    34 | D:1      | Found a faded altar of an unknown god.
   166 | D:1      | Reached skill level 3 in Axes
   170 | D:1      | Reached XP level 2. HP: 17/27 MP: 2/2
   698 | D:2      | Reached XP level 3. HP: 28/33 MP: 3/3
   727 | D:2      | Reached skill level 4 in Axes
   847 | D:2      | Noticed Robin
   861 | D:2      | Reached XP level 4. HP: 36/40 MP: 4/4
   864 | D:2      | Killed Robin
   865 | D:2      | Reached skill level 5 in Axes
   932 | D:2      | Found a shimmering blue altar of Sif Muna.
  1166 | D:3      | You fall into a shaft and drop 3 floors!
  1168 | D:6      | Noticed an ogre
  1171 | D:6      | Noticed a kobold brigand
  1191 | D:6      | Killed an ogre
  1192 | D:6      | Reached skill level 6 in Axes
  1192 | D:6      | Reached XP level 5. HP: 4/46 MP: 5/5
  1227 | D:6      | Reached skill level 7 in Axes
  1227 | D:6      | Reached XP level 6. HP: 11/55 MP: 6/6
  1273 | D:6      | Found a basalt altar of Yredelemnul.
  1275 | D:6      | Noticed a steam dragon
  1278 | D:6      | Quit the game

Illustrated notes

Levels and vault maps discovered:
D:1:      lemuel_arrival_hallway, layout_loops_ring, serial_rivers,
          chequers_serial_rivers_small_3, chequers_serial_rivers_large_a,
          chequers_serial_rivers_micro_c, chequers_serial_rivers_micro_c,
          chequers_ecumenical_altar_simple_redux, nrook_uturn
D:2:      layout_rooms, basic_altar, uniq_robin
D:3:      layout_basic, uniq_terence
D:6:      layout_basic, lemuel_crystal_altar, minmay_temple_entry_glass

Skill      XL: |  1  2  3  4  5 |
---------------+----------------+-----
Axes           | 3 4 6 7 |  7.1
Fighting       | |  2.6
Armour         | |  3.2
Shields        | |  3.2

Action                   |  1- 3 |  4- 6 || total
-------------------------+-------+-------++-------
Melee: War axe           |    84 |    38 ||   122
       Short sword       |       |    37 ||    37
 Abil: Heal Wounds       |     2 |     1 ||     3
  Use: Potion            |       |     1 ||     1
Armor: Scale mail        |    22 |       ||    22
       Chain mail        |    40 |    28 ||    68
       Skin              |       |     9 ||     9
Dodge: Dodged            |    25 |    16 ||    41
Block: Kite shield       |    54 |    35 ||    89
